 Dungeon Crawl Stone Soup version 0.27.1-3-gb3d3a73c9e (webtiles) character file.

Game seed: 963845237892843826

332 belegose the Skirmisher (level 6, -1/46 (49) HPs)
             Began as a Formicid Abyssal Knight on Oct 5, 2021.
             Was a Believer of Lugonu.
             Slain by a hound (5 damage)
             ... on level 3 of the Dungeon.
             The game lasted 00:08:02 (4237 turns).

belegose the Skirmisher (Formicid Abyssal Knight)   Turns: 4237, Time: 00:08:03

HP:   -1/46 (49)    AC:  6    Str: 17    XL:     6   Next: 82%
MP:   9/9           EV:  9    Int: 13    God:    Lugonu [**....]
Gold: 135           SH:  0    Dex: 10    Spells: 5/5 levels left

rFire    . . .     SeeInvis +   l - +0 battleaxe
rCold    + . .     Faith    .   (no shield)
rNeg     . . .     Spirit   .   e - +0 scale mail
rPois    .         Reflect  .   (helmet unavailable)
rElec    .         Harm     .   (no cloak)
rCorr    .         Rampage  .   (no gloves)
Will     .....                  (no boots)
Stlth    ..........             (no amulet)
HPRegen  0.15/turn              y - ring of protection from cold
MPRegen  0.11/turn              (no ring)

@: drained
A: permanent stasis, dig shafts and tunnels, antennae 3, four strong arms
a: Dig, Shaft Self, Renounce Religion, Depart the Abyss, Bend Space


You were on level 3 of the Dungeon.
You worshipped Lugonu.
Lugonu was pleased with you.
You visited 1 branch of the dungeon, and saw 4 of its levels.
You visited the Abyss 1 time.

You collected 135 gold pieces.

Inventory:

Hand Weapons
 a - a +0 quarterstaff
 b - a +1 hand axe
 l - a +0 battleaxe (weapon)
Missiles
 c - 41 stones
 g - 35 bolts
 t - 26 poisoned darts
 x - 6 curare-tipped darts
Armour
 e - a +0 scale mail (worn)
 w - the +5 chain mail of Youthful Indiscretion {Harm rN+ Regen+ Dex+4}
   (You found it on level 4 of the Dungeon)

   Dex:       It affects your dexterity (+4).
   rN:        It protects you from negative energy.
   Regen:     It increases your rate of health regeneration.
   Harm:      It increases damage dealt and taken.
Magical Staves
 d - a staff of poison
Jewellery
 y - a ring of protection from cold (left hand)
 z - a ring of ice
Wands
 v - a wand of digging (4)
Scrolls
 f - 3 scrolls of identify {unknown}
 i - a scroll of amnesia {unknown}
 j - a scroll of immolation {unknown}
 k - a scroll of magic mapping {unknown}
 m - a scroll of brand weapon {unknown}
 n - a scroll of summoning {unknown}
 u - 2 scrolls of vulnerability {unknown}
 A - a scroll of acquirement {unknown}
Potions
 h - a potion of flight {unknown}
 o - a potion of lignification {unknown}
 p - 2 potions of heal wounds {unknown}
 q - a potion of might {unknown}
 r - 3 potions of curing {unknown}
 s - a potion of magic {unknown}


   Skills:
 + Level 4.4 Fighting
 + Level 3.1 Axes
 - Level 0.3 Staves
 + Level 2.2 Throwing
 + Level 3.4 Armour
 - Level 0.8 Dodging
 + Level 4.0 Invocations
 + Level 2.4 Evocations


You had 5 spell levels left.
You didn't know any spells.
Your spell library contained the following spells:

 Spells                   Type           Power      Damage    Failure   Level
 Animate Skeleton         Necr           0%         N/A       69%         1
 Pain                     Necr           0%         1d4       69%         1
 Lesser Beckoning         Tloc           0%         N/A       96%         3
 Vampiric Draining        Necr           0%         2d6       96%         3
 Fulminant Prism          Conj/Hex       0%         3d6       100%        4
 Iskenderun's Mystic Bla  Conj/Tloc      0%         2d3       100%        4
 Petrify                  Tmut/Erth      0%         N/A       100%        4
 Borgnjor's Vile Clutch   Necr/Erth      0%         N/A       100%        5
 Freezing Cloud           Conj/Ice/Air   0%         6-21      100%        5
 Lee's Rapid Deconstruct  Erth           0%         3d5*      100%        5
 Manifold Assault         Tloc           0%         N/A       100%        5
 Statue Form              Tmut/Erth      0%         N/A       100%        6
 Blink                    Tloc           Unusable   N/A       N/A         2

Dungeon Overview and Level Annotations

Branches:
Dungeon (4/15)
 Temple: D:4-7

Altars:
Kikubaaqudgha
Sif Muna

Annotations:
D:3 1 runed translucent door, barney's ghost, amateur DrTm


Innate Abilities, Weirdness & Mutations

You cannot be hasted, slowed, berserked, paralysed or teleported.
You can dig through walls and to a lower floor.
You have a pair of large antennae on your head. (SInv)
Your four strong arms can wield two-handed weapons with a shield.


Message History

The hound barks!
A worm comes into view.
Things that are here:
a +0 dagger; a goblin corpse The hound completely misses you.
You closely miss the hound. The hound bites you but does no damage.
The hound bites you.
You barely miss the hound. The hound bites you but does no damage.
The hound bites you. The hound barely misses you.
You miss the hound. The hound barely misses you. The hound closely misses you.
You hit the hound.
The hound is moderately wounded.
The hound barely misses you. The hound bites you but does no damage.
You miss the hound.
The hound is moderately wounded.
The hound bites you.
* * * LOW HITPOINT WARNING * * *
The hound closely misses you.
You miss the hound.
The hound is moderately wounded.
The hound bites you.
* * * LOW HITPOINT WARNING * * *
The hound bites you.
* * * LOW HITPOINT WARNING * * *
The hound closely misses you.
Okay, then.
The hound barely misses you. The hound bites you but does no damage.
The hound bites you but does no damage.
There is a stone staircase leading up here.
The hound bites you but does no damage.
You climb upwards.
Level annotation: 1 runed translucent door, barney's ghost, amateur DrTm
There is a stone staircase leading down here.
You barely miss the hound.
The hound is moderately wounded.
The hound bites you.
* * * LOW HITPOINT WARNING * * *
The hound bites you.
You die...

..##....####..#.....#######
..##......##..............#
..##..#.####...###.....##.#
..##....# ##...##.##..##.#
..##.#### #....#.##.....# ..##.#
###...#.....########## ..##'#####
#.....####............ #<.......#
#.#...####.#..#..#.##. ##.......#
#....@h...............
##.......###.#.....##..≈≈≈≈≈≈§≈≈.
.........##......####..≈.......§.
##.......##..##......§.≈.≈≈≈≈≈.≈§
###############...###..§.≈...≈.≈.
# ######.#.#.##.......§§§≈._.≈.§.
###...#.⌠.#.⌠.###.##...≈.≈...≈.§.
##.#.#.#.#.#.#.##.....)≈.≈≈.≈≈§§.
#.⌠.#.⌠.#.⌠)#...#.##...≈....§§.≈.


You could see a hound.

Vanquished Creatures
  A necrophage (D:4)
  3 vampire bats (D:3)
  Jessica (D:3)
  An orc wizard (D:4)
  A worm (D:2)
  A dart slug (D:1)
  6 orcs
  6 bats
  3 bat skeletons (D:3)
  2 bat zombies (D:3)
  2 endoplasms
  5 giant cockroaches
  7 goblins
  3 hobgoblins
  4 jackals (D:2)
  A quokka (D:1)
  6 ball pythons
  5 frilled lizards
  3 kobolds
  11 rats
72 creatures vanquished.

Vanquished Creatures (others)
  3 fungi (D:2)
  6 plants (D:2)
9 creatures vanquished.

Grand Total: 81 creatures vanquished

Notes
Turn   | Place    | Note
-------+----------+-------------------------------------------
     0 | Abyss:1  | belegose the Formicid Abyssal Knight began the quest for
                  | the Orb.
     0 | Abyss:1  | Reached XP level 1. HP: 18/18 MP: 2/2
    48 | D:1      | Escaped the Abyss
   215 | D:1      | Reached XP level 2. HP: 16/24 MP: 3/3
   668 | D:1      | Reached * piety under Lugonu
  1189 | D:1      | Reached XP level 3. HP: 29/29 MP: 5/5
  1380 | D:1      | Got the Guide on the Rocks and Lightness
  2108 | D:2      | Reached skill level 1 in Evocations
  2158 | D:2      | Found a faded altar of an unknown god.
  2785 | D:3      | Found a shimmering blue altar of Sif Muna.
  2815 | D:3      | Reached XP level 4. HP: 36/36 MP: 6/6
  2889 | D:3      | Noticed barney's ghost (amateur DrTm)
  2899 | D:3      | Reached skill level 1 in Throwing
  2912 | D:3      | Found a runed translucent door.
  3357 | D:3      | Reached ** piety under Lugonu
  3367 | D:3      | Found an ancient bone altar of Kikubaaqudgha.
  3389 | D:3      | Reached XP level 5. HP: 19/42 MP: 7/7
  3820 | D:3      | Reached XP level 6. HP: 46/48 MP: 8/8
  3843 | D:3      | Noticed Jessica
  3851 | D:3      | Killed Jessica
  4110 | D:4      | Identified the +5 chain mail of Youthful Indiscretion {Harm
                  | rN+ Regen+ Dex+4}
  4159 | D:4      | Noticed a necrophage
  4172 | D:4      | Killed a necrophage
  4237 | D:3      | Slain by a hound

Illustrated notes

Levels and vault maps discovered:
D:1:      minmay_arrival_arboretum_small, layout_basic
D:2:      layout_loops_corners, shapermc_ecumenical_altar_mp_ritualfount,
          minmay_misc_feat_rows
D:3:      layout_basic, mainiacjoe_overflow_concentric_impassable,
          kennysheep_vampire_church, hellmonk_ghost_happy_afterlife,
          chequers_serial_rivers_room_b, corexii_hall_statues_t, uniq_jessica
D:4:      cheibrodos_thug_alley, layout_loops_cross, nicolae_ossuary_entry_plus,
          hangedman_decor_slide_cut, serial_bayou_lagoon_b

Skill      XL: |  1  2  3  4  5  6 |
---------------+-------------------+-----
Evocations     | 1 2 |  2.4
Throwing       | 1 2 |  2.2
Invocations    | 3 4 |  4.0
Armour         | 3 |  3.4
Fighting       | 4 |  4.4
Axes           | 3 |  3.1
Staves         | |  0.3
Dodging        | |  0.8

Action                   |  1- 3 |  4- 6 || total
-------------------------+-------+-------++-------
Melee: Staff             |    64 |       ||    64
       Hand axe          |    18 |       ||    18
       Quarterstaff      |    13 |       ||    13
       Battleaxe         |    64 |   119 ||   183
Invok: Depart the Abyss  |     1 |       ||     1
Armor: Leather armour    |     8 |       ||     8
       Scale mail        |    89 |   126 ||   215
Dodge: Dodged            |    97 |   112 ||   209
